AoeStats
← MoLoLo

Enclosed

504696334Analyzed
1v1 RM · 27d ago on Sep 6, 2026· 36m 7s· 2 players
Game mode
Random Map
Map size
Tiny (2 player)
Population
200
Speed
Normal
Resources
Standard
Victory
Conquest
Starting age
Dark Age
Ending age
Imperial Age
RankedLock teamsTeams togetherTeam positionsShared explorationLock speedFull tech treeHidden civsTurbo modeCheats
Victory
Defeat
🇳🇿 Celts · New Zealand
995
+13
🇬🇧 Spanish · United Kingdom
927
-13
raghuvlk
0:32 Loom
12:28 Feudal Age
18:04 Castle Age
19:15 Bloodlines
23:06 Padded Archer Armor
25:12 Pikeman
28:26 Leather Archer Armor
30:36 Fletching
35:30 Imperial Age
34:37 Bodkin Arrow
MoLoLo
8:46 Loom
11:55 Feudal Age
13:34 Double-Bit Axe
13:58 Horse Collar
17:16 Castle Age
15:58 Scale Barding Armor
22:08 Town Watch
23:31 Elite Skirmisher
26:32 Wheelbarrow
27:17 Husbandry
28:42 Bow Saw
28:36 Heavy Plow
29:27 Fletching
33:45 Bodkin Arrow
Connection lost

Rejoining the realm…

Still unreachable

The connection could not be restored.

Session expired

The server has moved on; the page needs a fresh start.